 Dungeon Crawl Stone Soup version 0.31-a0-430-gf8416d752b (webtiles) character file.

Game seed: 559827111632102133

214 Ethylacetat the Changeling (level 5, -2/27 HPs)
             Began as a Vine Stalker Shapeshifter on July 31, 2023.
             Slain by a vampire (6 damage)
             ... on level 5 of the Dungeon.
             The game lasted 00:03:26 (2650 turns).

Ethylacetat the Changeling (VSSh)                   Turns: 2650, Time: 00:03:26

Health: -2/27      AC:  0    Str: 18    XL:     5   Next: 91%
Magic:  0/6        EV: 12    Int:  8    God:
Gold:   119        SH:  0    Dex: 16    Spells: 4/4 levels left

rFire   . . .        e - +0 whip (venom)
rCold   . . .        (no shield)
rNeg    . . .        (no body armour)
rPois   .            (helmet currently unavailable)
rElec   .            (cloak currently unavailable)
rCorr   .            (gloves currently unavailable)
SInv    .            (boots currently unavailable)
Will    .....        (no amulet)
Stlth   +            (no ring)
HPRegen 1.04/turn    (no ring)
MPRegen 0.10/turn

%: guardian spirit
@: beast-form
A: beast (slay +3), fangs 2, regeneration 1, magic shield, antimagic bite, no
potion heal 2
a: Begin Untransformation


You were on level 5 of the Dungeon.
You were a hulking beast.
You visited 1 branch of the dungeon, and saw 5 of its levels.

You collected 119 gold pieces.

Inventory:

Hand Weapons
 e - a +0 whip of venom (weapon)
Talismans
 c - a beast talisman (active)
Scrolls
 a - a scroll of fog {unknown}
 g - a scroll of vulnerability {unknown}
 l - 2 scrolls of teleportation {unknown}
 m - 2 scrolls of immolation {unknown}
 n - 3 scrolls of poison {unknown}
 o - a scroll of fear {unknown}
 p - a scroll of torment {unknown}
 q - 2 scrolls of identify {unknown}
 r - a scroll of amnesia {unknown}
 t - a scroll of brand weapon {unknown}
Potions
 b - a potion of lignification
 d - 4 potions of heal wounds
 f - a potion of degeneration {unknown}
 h - a potion of haste {unknown}
 i - a potion of curing {unknown}
 j - a potion of berserk rage {unknown}
 k - a potion of enlightenment {unknown}
 s - a potion of cancellation {unknown}
 u - a potion of attraction {unknown}


   Skills:
 + Level 2.5 Fighting
 - Level 2.0 Dodging
 + Level 4.0 Unarmed Combat
 * Level 4.2 Shapeshifting


You had 4 spell levels left.
You didn't know any spells.
Your spell library was empty.

Dungeon Overview and Level Annotations

Branches:
Dungeon (5/15)
 Temple: D:4-7

Altars:
Dithmenos
Hepliaklqana
Okawaru
Zin

Shops:
D:2 :


Innate Abilities, Weirdness & Mutations

You are a hulking beast.
Your limbs bulge with bestial killing power. (Slay +3)
You have extremely sharp teeth.
Your natural rate of healing is unusually fast.
When hurt, damage is shared between your health and your magic reserves.
Your bite disrupts and absorbs the magic of your enemies.
Potions cannot restore your health.


Message History

Crazy Yiuf laughs, "Shower!
Ice rumpyflump childish."
Crazy Yiuf barely misses you.
You hit Crazy Yiuf.
You kill Crazy Yiuf!
There is an open translucent door, spattered with blood here.
Things that are here:
a +2 quarterstaff of chaos; a +0 cloak; the gnoll corpse of Crazy Yiuf Done exploring.
No target in view!
Done exploring.
Key pressed, stopping explore.
No target in view!
Done exploring.
No target in view!
There is an open translucent door, spattered with blood here.
Things that are here:
a +2 quarterstaff of chaos; a +0 cloak; the gnoll corpse of Crazy Yiuf
There is a stone staircase leading down here.
You climb downwards.
Found a viscous dark potion.
There is a stone staircase leading up here.
u - a viscous dark potion No target in view!
Key pressed, stopping explore.
No target in view!
No target in view!
q - 2 scrolls labelled GANEOLLOICO (gained 1)
A vampire comes into view.
Found a ruby ring.
The vampire hits you! The vampire bites you!
The vampire draws strength from your injuries!
A vampire is nearby!
You are too injured to fight recklessly!
You are too injured to fight recklessly!
Unknown command.
It was a potion of heal wounds.
That seemed strangely inert.
The vampire hits you!
* * * LOW HITPOINT WARNING * * *
The vampire bites you!
You die...

....≈....#
...#...#.....#...#..#
.≈.......≈.≈........#
....≈.≈:......≈.≈...
..#.....#...#......#
≈....#....≈....#.#.####
..#=....#...#........<#
....≈.≈!......≈.≈...###
.≈....Vh.≈.≈........#
...#...#.....#...#..#
#....≈....#....≈....#
...#...#.....#...#..#
.≈.......≈.≈........#
....≈.≈.......≈.≈...#
..#.....#...#......##
≈....#....≈....#...#
.....#...#.....##


You could see a vampire.

Vanquished Creatures
  An orc priest (D:3)
  Crazy Yiuf (D:4)
  Jessica (D:2)
  Robin (D:4)
  2 adders
  2 dart slugs
  5 orcs
  8 ball pythons
  13 endoplasms
  3 giant cockroaches
  16 goblins
  10 hobgoblins
  4 jackals (D:4)
  2 quokkas (D:2)
  4 bats
  4 frilled lizards
  5 kobolds
  3 rats
85 creatures vanquished.

Notes
Turn   | Place    | Note
-------+----------+-------------------------------------------
     0 | D:1      | Ethylacetat the Vine Stalker Shapeshifter began the quest
                  | for the Orb.
     0 | D:1      | Reached XP level 1. HP: 9/9 MP: 2/2
   104 | D:1      | Reached skill level 1 in Fighting
   171 | D:1      | Reached XP level 2. HP: 14/14 MP: 3/3
   332 | D:1      | Found a faded altar of an unknown god.
   443 | D:1      | Reached XP level 3. HP: 18/18 MP: 4/4
   463 | D:1      | You fall into a shaft and drop 1 floor!
   519 | D:2      | Noticed Jessica
   528 | D:2      | Killed Jessica
   532 | D:2      | Gained mutation: Your natural rate of healing is unusually
                  | fast. [Vine Stalker growth]
   532 | D:2      | Reached XP level 4. HP: 12/23 MP: 3/5
   585 | D:2      | Identified the +1 robe of Qumyvumena {Harm}
  1123 | D:2      | Found Qema's Book Boutique.
  1796 | D:3      | Found an iron altar of Okawaru.
  1841 | D:3      | Found a shadowy altar of Dithmenos.
  1845 | D:3      | Reached XP level 5. HP: 26/26 MP: 6/6
  1985 | D:4      | Noticed Robin
  2007 | D:4      | Killed Robin
  2029 | D:4      | Found a glowing silver altar of Zin.
  2136 | D:4      | Found a hazy altar of Hepliaklqana.
  2297 | D:4      | Found a runed translucent door.
  2298 | D:4      | Noticed Crazy Yiuf
  2586 | D:4      | Killed Crazy Yiuf
  2628 | D:5      | Entered Level 5 of the Dungeon
  2646 | D:5      | Noticed a vampire
  2650 | D:5      | Slain by a vampire

Illustrated notes

Levels and vault maps discovered:
D:1:      psy_arrival_dodecagon, layout_basic,
          hellmonk_ecumenical_altar_heavens_door
D:2:      layout_basic, serial_shops, nicolae_shop_real_fake_doors, uniq_jessica
D:3:      layout_rooms, mainiacjoe_overflow_two_lobes
D:4:      layout_basic, nicolae_overflow_crystal_walls,
          mainiacjoe_overflow_boulevard, uniq_robin, uniq_crazy_yiuf_cottage
D:5:      nicolae_cairo_tiling_large_dashed, layout_basic,
          minmay_temple_entry_gardened_gates, nicolae_kite_square_tiling_tiny

Skill      XL: |  1  2  3  4  5 |
---------------+----------------+-----
Fighting       | 1 2 |  2.5
Dodging        | 2 |  2.0
Shapeshifting  | 4 |  4.2
Unarmed Combat | 4 |  4.0

Action                     |  1- 3 |  4- 6 || total
---------------------------+-------+-------++-------
  Melee: Unarmed           |    19 |       ||    19
         Bite              |    12 |    35 ||    47
         Punch             |     2 |     1 ||     3
         Whip              |    30 |   113 ||   143
    Use: Potion            |       |     1 ||     1
   Stab: Sleeping          |     1 |     3 ||     4
 Armour: Animal skin       |     6 |       ||     6
  Dodge: Dodged            |    19 |    59 ||    78

Table legend: (Time is in decaauts)
 A = Elapsed time spent in this place.
 B = Non-inter-level travel time spent in this place.
 C = Inter-level travel time spent in this place.
 D = Time resting spent in this place.
 E = Time spent auto-exploring this place.
 F = Levels seen in this place.
 G = Mean time per level.
                   A        B        C        D        E       F      G
               +--------+--------+--------+--------+--------+-----+--------+
         Total |   2662 |   2568 |     94 |      0 |   2073 |   5 |  532.4 |
       Dungeon |   2662 |   2568 |     94 |      0 |   2073 |   5 |  532.4 |
               +--------+--------+--------+--------+--------+-----+--------+

Top non-repeatable levels by time:
     D:2: 728 daAuts
     D:4: 702 daAuts
     D:1: 617 daAuts
     D:3: 592 daAuts
     D:5: 21 daAuts
